 Dungeon Crawl Stone Soup version 0.23.2-40-g277498a001 (webtiles) character file.

Game seed: 2843637332657366588

35 Iskender the Scratcher (level 3, 17/17 HPs)
             Began as a Felid Chaos Knight on Oct 14, 2019.
             Was a Plaything of Xom.
             Quit the game on level 3 of the Dungeon.
             The game lasted 00:10:52 (3055 turns).

Iskender the Scratcher (Felid Chaos Knight)         Turns: 3055, Time: 00:10:53

Health: 17/17      AC:  1    Str:  8    XL:     3   Next: 17%
Magic:  4/4        EV: 18    Int: 13    God:    Xom [......]
Gold:   138        SH:  0    Dex: 16    Spells: 2/2 levels left
                                        Lives:  0   Deaths: 1

rFire    . . .     SeeInvis +     - Unarmed
rCold    . . .     Gourm    .   (shield unavailable)
rNeg     . . .     Faith    .   (armour unavailable)
rPois    .         Spirit   .   (helmet unavailable)
rElec    .         Reflect  .   (cloak unavailable)
rCorr    .         Harm     .   (gloves unavailable)
MR       .....                  (boots unavailable)
Stlth    +++.......             (no amulet)
HPRegen  0.05/turn              (no ring)
MPRegen  0.09/turn              (no ring)

@: quick
A: very small, no armour, no weapons or thrown items, stealth, claws 1, fangs 3,
see invisible, carnivore, speed 1, shaggy fur 1, slow metabolism 1, sharp paws
a: Renounce Religion


You were on level 3 of the Dungeon.
You worshipped Xom.
You were a very special plaything of Xom.
You were not hungry.

You visited 1 branch of the dungeon, and saw 3 of its levels.

You collected 138 gold pieces.

Inventory:

Scrolls
 b - a scroll of teleportation {unknown}
 d - 2 scrolls of remove curse
 e - a scroll of enchant weapon {unknown}
 g - a scroll of identify {unknown}
 h - a scroll of random uselessness {unknown}
Potions
 c - 2 potions of heal wounds {unknown}
 f - a potion of lignification {unknown}
Comestibles
 a - 6 rations


   Skills:
 - Level 3.0 Fighting
 - Level 3.2 Dodging
 - Level 2.8 Stealth
 + Level 4.5 Unarmed Combat


You had 2 spell levels left.
You didn't know any spells.
Your spell library was empty.

Dungeon Overview and Level Annotations

Branches:
Dungeon (3/15)

Altars:
Elyvilon
Fedhas
Okawaru
Qazlal
Ru
Wu Jian

Annotations:
D:2 loot


Innate Abilities, Weirdness & Mutations

You cannot wear armour.
You are incapable of wielding weapons or throwing items.
Your paws allow you to move quietly. (Stealth)
You have sharp claws.
You have razor-sharp teeth.
You have supernaturally acute eyesight. (SInv)
You are carnivorous and can eat meat at any time.
You cover ground quickly.
You are covered in fur. (AC +1)
You have a slow metabolism.
Your sharp claws are effective at attacking unaware monsters.


Message History

a - 5 rations (gained 1)
You hear Xom's maniacal laughter.
Your bones ache.
You are now a very special plaything of Xom.
You now have 138 gold pieces (gained 13).
a - 6 rations (gained 1) "Fight to survive, mortal."
There is an escape hatch in the ceiling here.
The sun demon hits you!
Ouch! That really hurt!
Xom is mildly amused.
You are engulfed in flames!
Ouch! That really hurt!
You stop ascending the stairs.
You die...
The shadow imp hits you.
You are now level 3!
Xom is amused.
You rejoin the land of the living...
Are you sure you want to abandon this character and quit the game? (Confirm with "yes".)

...##...# #...........(........
...####.# #...........<........
....# #.#####...........35.......
....###.#...#...............>....
..........#.#....................
..........#.#....................
###....#..#.#....................
...#.###..#.#....................
...#.###..#.#...@................
...#......#.........#############
...################.# #.<...#
...# ##............# #†###.# ####
#..#########..# #.# #.# #.. #..#
#.....#..# #.# #.#
#.####'######...(..####.# #.#
#..#P...P## ###.##....#.###.#
#.P...⌠...# #...............#


There were no monsters in sight!

Vanquished Creatures
  5 adders
  A dart slug (D:2)
  A ball python (D:3)
  2 giant cockroaches
  2 goblins
  5 hobgoblins
  6 kobolds
  2 quokkas (D:3)
  4 bats
  3 frilled lizards (D:2)
  3 rats
34 creatures vanquished.

Vanquished Creatures (collateral kills)
  An orc (D:3)
1 creature vanquished.

Grand Total: 35 creatures vanquished

Notes
Turn   | Place    | Note
-------+----------+-------------------------------------------
     0 | D:1      | Iskender the Felid Chaos Knight began the quest for the
                  | Orb.
     0 | D:1      | Reached XP level 1. HP: 10/10 MP: 2/2
   183 | D:1      | XOM: butterfly on damage
   304 | D:1      | Reached skill level 1 in Stealth
   783 | D:2      | XOM: noise
   839 | D:2      | Reached XP level 2. HP: 11/14 MP: 3/3
   964 | D:2      | XOM: enchant monster (bad)
  1074 | D:2      | XOM: butterfly on damage
  1551 | D:2      | Found a sacrificial altar of Ru.
  1603 | D:2      | Reached XP level 3. HP: 17/17 MP: 4/4
  1660 | D:2      | Reached skill level 4 in Unarmed Combat
  1944 | D:2      | XOM: harmless Pois miscast
  1984 | D:2      | Found an ornate altar of the Wu Jian Council.
  2141 | D:3      | XOM: mild Tloc miscast
  2206 | D:3      | Found a white marble altar of Elyvilon.
  2206 | D:3      | XOM: mild Tloc miscast
  2206 | D:3      | Found a blossoming altar of Fedhas.
  2206 | D:3      | Found an iron altar of Okawaru.
  2485 | D:3      | XOM: god gift: 15 bolts
  2608 | D:3      | XOM: cast spell 'Monstrous Menagerie'
  2636 | D:3      | Found a stormy altar of Qazlal.
  2652 | D:3      | Reached XP level 4. HP: 21/21 MP: 5/5
  2997 | D:3      | XOM: harmless Necr miscast
  3046 | D:3      | XOM: summons 2 hostile demons
  3047 | D:3      | Noticed a sun demon
  3054 | D:3      | Slain by a sun demon
  3055 | D:3      | Reached XP level 3. HP: -3/17 MP: 4/4
  3055 | D:3      | Quit the game

Skill      XL: |  1  2  3 |
---------------+----------+-----
Stealth        | 2 |  2.8
Unarmed Combat | 4 |  4.5
Fighting       | |  3.0
Dodging        | |  3.2

Action                   |  1- 3 |  4- 6 || total
-------------------------+-------+-------++-------
Melee: Unarmed           |    80 |    13 ||    93
       Bite              |     2 |     2 ||     4
       Punch             |     1 |       ||     1
  Use: Potion            |     3 |       ||     3
       Scroll            |       |     1 ||     1
 Stab: Sleeping          |     9 |       ||     9
  Eat: Chunk             |     8 |       ||     8
Armor: Skin              |     7 |     1 ||     8
Dodge: Dodged            |    58 |    11 ||    69
